 Dungeon Crawl Stone Soup version 0.31.0 (webtiles) character file.

Game seed: 9324232215626132856

81 qw the Shooter (level 4, 0/28 HPs)
             Began as a Gargoyle Hunter on Jan 19, 2024.
             Slain by an orc
             ... wielding a +0 hand axe
              (2 damage)
             ... on level 3 of the Dungeon.
             The game lasted 00:00:05 (1334 turns).

qw the Shooter (Gargoyle Hunter)                    Turns: 1334, Time: 00:00:06

Health: 0/28       AC:  7    Str: 15    XL:     4   Next: 42%
Magic:  4/4        EV: 11    Int:  9    God:
Gold:   79         SH:  0    Dex: 15    Spells: 3/3 levels left

rFire   . . .        a - +1 shortbow
rCold   . . .        (shield currently unavailable)
rNeg    + . .        c - +0 leather armour
rPois   inf          (no helmet)
rElec   +            (no cloak)
rCorr   .            e - +0 pair of gloves
SInv    .            (no boots)
Will    .....        (no amulet)
Stlth   ++           (no ring)
HPRegen 0.24/turn    (no ring)
MPRegen 0.09/turn

%: no passive effects
@: no status effects
A: sickness immunity, AC +3, negative energy resistance 1, electricity
resistance, torment resistance 1, petrification resistance
a: no special abilities


You were on level 3 of the Dungeon.
You visited 1 branch of the dungeon, and saw 3 of its levels.

You collected 79 gold pieces.


Innate Abilities, Weirdness & Mutations

You are immune to sickness and miasma.
Your stone body is resilient. (AC +3)
You are immune to poison.
You resist negative energy. (rN+)
You are resistant to electric shocks. (rElec)
You are resistant to unholy torment.
You are immune to petrification.


   Skills:
 - Level 3.2 Fighting
 + Level 5.3 Ranged Weapons
 - Level 1.5 Dodging
 - Level 1.1 Stealth


You had 3 spell levels left.
You didn't know any spells.
Your spell library was empty.

Inventory:

Hand Weapons
 a - a +1 shortbow (weapon)
Armour
 c - a +0 leather armour (worn)
 e - a +0 pair of gloves (worn)
 f - a +0 ring mail
 h - a +0 helmet
Scrolls
 b - a scroll of identify
 g - a scroll of poison {unknown}
Potions
 d - a potion of mutation

Dungeon Overview and Level Annotations

Branches:
Dungeon (3/15)

Altars:


Message History

The orc wizard flickers and vanishes!
Deactivating autopickup; reactivate with Ctrl-A.
An orc comes into view. It is wielding a +0 whip.
You shoot an arrow. The arrow barely misses the orc.
The orc barely misses you. The orc hits you but does no damage.
You hear some strange, mumbled words.
A magic dart appears from out of thin air!
The magic dart hits you. The orc closely misses you. The orc barely misses you.
You shoot an arrow. The arrow completely misses the orc.
The arrow hits the orc.
The orc is heavily wounded.
The orc barely misses you. The orc hits you with a +0 falchion.
You hear some strange, mumbled words.
A puff of flame appears from out of thin air!
The puff of flame hits you!
You shoot an arrow. The arrow hits the orc.
The orc is severely wounded.
The orc hits you with a +0 hand axe. The orc hits you with a +0 falchion.
Something hits you.
You shoot an arrow. The arrow closely misses the orc.
The arrow barely misses the orc.
The orc hits you but does no damage. The orc barely misses you.
Something hits you but does no damage.
You shoot an arrow. The arrow hits the orc.
You kill the orc!
Something hits you but does no damage. The orc barely misses you.
You shoot an arrow. The arrow hits the orc.
The orc is heavily wounded.
The orc hits you but does no damage. x2; Something hits you.
You shoot an arrow.
The arrow hits the orc but does no damage.
The orc is heavily wounded.
The orc hits you but does no damage. Something hits you.
The orc completely misses you.
You shoot an arrow.
The arrow hits the orc but does no damage.
The orc is heavily wounded.
The orc closely misses you. Something hits you but does no damage.
The orc hits you but does no damage. The orc closely misses you.
Something hits you. The orc hits you with a +0 hand axe.
You die...

#_....#.##.
#.##.#
#.....#.# .
#.##.#
#....##.#
.# #.##.#
##..%#..#
#.##.#
#...##.#
#.##.#
##...#
#.##.#
#...## ..
#.. #....#
### #o@.)#
#.o{.#
#....#
#....#
#)..##
....#
##..## #..#


You could see 2 orcs.

Vanquished Creatures
  2 adders
  2 dart slugs
  2 ribbon worms
  2 orcs (D:3)
  2 endoplasms
  3 giant cockroaches
  6 goblins
  4 hobgoblins (D:1)
  2 jackals (D:2)
  8 kobolds
  5 quokkas
  4 ball pythons
  2 bats
  2 frilled lizards (D:2)
  6 rats
52 creatures vanquished.

Notes
Turn   | Place    | Note
-------+----------+-------------------------------------------
     0 | D:1      | qw the Gargoyle Hunter began the quest for the Orb.
     0 | D:1      | Reached XP level 1. HP: 12/12 MP: 1/1
     0 | D:1      | 0 ||| qw: Version: 0.3-a-132-g3d54051
     0 | D:1      | 0 ||| qw: Game counter: 285
     0 | D:1      | 0 ||| qw: Melee chars always use a shield: true
     0 | D:1      | 0 ||| qw: God list: Okawaru
     0 | D:1      | 0 ||| qw: Allow faded altars: false
     0 | D:1      | 0 ||| qw: Do Orc after clearing Dungeon:15 true
     0 | D:1      | 0 ||| qw: Do second Lair branch before Depths: true
     0 | D:1      | 0 ||| qw: Lair rune preference: random
     0 | D:1      | 0 ||| qw: Goals: Normal
     0 | D:1      | 0 ||| PLANNING D:1-11
    81 | D:1      | Reached XP level 2. HP: 17/17 MP: 2/2
   349 | D:1      | Reached XP level 3. HP: 17/21 MP: 3/3
   402 | D:1      | Reached skill level 5 in Ranged Weapons
   487 | D:1      | 487 ||| READING scroll labelled ISOPHORI KEUTA.
   491 | D:1      | 491 ||| READING 2 scrolls labelled BUACVO UCSUNUN.
   491 | D:1      | 491 ||| IDENTIFYING purple potion
   492 | D:1      | 492 ||| READING scroll of identify.
   492 | D:1      | 492 ||| IDENTIFYING scroll labelled WUAFRY XISA
   493 | D:1      | 493 ||| READING scroll of enchant weapon.
   493 | D:1      | 493 ||| ENCHANTING +0 shortbow.
   494 | D:1      | 494 ||| READING scroll labelled WYEXAW HAAN.
   494 | D:1      | 494 ||| ENCHANTING +1 shortbow.
   495 | D:1      | 495 ||| DROPPING scroll of butterflies.
   537 | D:2      | 537 ||| STAIRDANCE
   814 | D:2      | 814 ||| FLEEEEING.
   894 | D:2      | Reached skill level 3 in Fighting
   894 | D:2      | Reached XP level 4. HP: 28/28 MP: 4/4
   921 | D:2      | 921 ||| FLEEEEING.
  1163 | D:2      | 1163 ||| UPGRADING to +0 pair of gloves.
  1168 | D:2      | 1168 ||| READING scroll labelled RAENNE KAST.
  1169 | D:2      | 1169 ||| READING scroll labelled ONEILE OTICVORCH.
  1295 | D:3      | Found a faded altar of an unknown god.
  1329 | D:3      | HP: 5/28 [orc/+0 falchion (6)]
  1333 | D:3      | HP: 2/28 [something (1)]
  1334 | D:3      | Slain by an orc

Levels and vault maps discovered:
D:1:      minmay_arrival_open_corners, layout_basic
D:2:      layout_basic
D:3:      layout_loops_ring, hellmonk_ecumenical_altar_zigzags,
          uniq_crazy_yiuf_cottage

Skill      XL: |  1  2  3 |
---------------+----------+-----
Ranged Weapons | 5 |  5.3
Fighting       | 3 |  3.2
Dodging        | |  1.5
Stealth        | |  1.1

Action                     |  1- 3 |  4- 6 || total
---------------------------+-------+-------++-------
   Fire: Shortbow          |   114 |    61 ||   175
    Use: Scroll            |     5 |     2 ||     7
 Armour: Leather armour    |    35 |    36 ||    71
  Dodge: Dodged            |    21 |    24 ||    45

Table legend:
 A = Non-vault XP
 B = Vault XP
 C = Vault XP percentage of total XP
 D = Non-vault monster count
 E = Vault monster count
 F = Vault count percentage of total count
                 A         B        C        D         E       F
            +---------+---------+-------+---------+---------+-------
      Total |     117 |       0 |   0.0 |      52 |       0 |   0.0
            +---------+---------+-------+---------+---------+-------
        D:1 |      44 |       0 |   0.0 |      26 |       0 |   0.0
        D:2 |      52 |       0 |   0.0 |      21 |       0 |   0.0
        D:3 |      21 |       0 |   0.0 |       5 |       0 |   0.0
            +---------+---------+-------+---------+---------+-------
